 Dungeon Crawl Stone Soup version 0.25-a0-667-gb977e01cb5 (webtiles) character file.

Game seed: 7217438605068120195, levelgen mode: deterministic

2083 ReteAZ the Cleaver (level 9, -9/79 HPs)
             Began as a Minotaur Fighter on Mar 27, 2020.
             Was a Follower of Makhleb.
             Mangled by an orc warrior
             ... wielding a +0 halberd
              (10 damage)
             ... on level 6 of the Dungeon.
             The game lasted 00:06:23 (3930 turns).

ReteAZ the Cleaver (Minotaur Fighter)               Turns: 3930, Time: 00:06:24

Health: -9/79      AC:  7    Str: 24    XL:     9   Next: 6%
Magic:  0/8        EV:  8    Int:  5    God:    Makhleb [*.....]
Gold:   171        SH: 11    Dex: 13    Spells: 8/8 levels left

rFire    . . .     SeeInvis .   a - +0 war axe
rCold    . . .     Gourm    +   c - +0 kite shield
rNeg     . . .     Faith    .   b - +0 scale mail
rPois    +         Spirit   +   (helmet restricted)
rElec    .         Reflect  .   r - scarf {Spirit}
rCorr    .         Harm     .   (no gloves)
MR       .....                  (no boots)
Stlth    ..........             l - amulet of the gourmand
HPRegen  0.23/turn              m - ring of poison resistance
MPRegen  0.11/turn              s - +3 ring of dexterity

@: no status effects
A: retaliatory headbutt, horns 2
a: Renounce Religion


You were on level 6 of the Dungeon.
You worshipped Makhleb.
Makhleb was aware of your devotion.
You were completely stuffed.

You visited 2 branches of the dungeon, and saw 8 of its levels.

You collected 171 gold pieces.

Inventory:

Hand Weapons
 a - a +0 war axe (weapon)
Missiles
 k - 16 poisoned darts (quivered)
Armour
 b - a +0 scale mail (worn)
 c - a +0 kite shield (worn)
 r - a scarf of spirit shield (worn)
Jewellery
 l - an amulet of the gourmand (around neck)
 m - a ring of poison resistance (left hand)
 s - a +3 ring of dexterity (right hand)
 t - an uncursed ring of magical power
 v - a cursed -3 ring of protection {unknown}
 w - a cursed ring of attention {unknown}
Wands
 y - a wand of disintegration (5)
 z - a wand of random effects (15)
 C - a wand of clouds (6)
Scrolls
 e - 2 scrolls of fog {unknown}
 h - a scroll of remove curse {unknown}
 o - 2 scrolls of amnesia {unknown}
 q - a scroll of enchant armour {unknown}
 A - a scroll of identify {unknown}
 E - a scroll of fear {unknown}
 F - a scroll of torment {unknown}
Potions
 d - a potion of might
 g - a potion of brilliance {unknown}
 i - a potion of stabbing {unknown}
 j - 3 potions of curing
 n - a potion of degeneration {unknown}
 p - 2 potions of heal wounds {unknown}
 u - a potion of haste {unknown}
 x - 2 potions of mutation {unknown}
 B - a potion of ambrosia {unknown}
Comestibles
 f - 12 rations
 D - 3 chunks of flesh


   Skills:
 + Level 7.4 Fighting
 * Level 9.3 Axes
 + Level 7.3 Armour
 + Level 7.3 Shields


You had 8 spell levels left.
You didn't know any spells.
Your spell library was empty.

Dungeon Overview and Level Annotations

Branches:
Dungeon (8/15)             Temple (1/1) D:7
   Lair: D:8-11

Altars:
Ashenzari
Elyvilon
Fedhas
Gozag
Hepliaklqana
Kikubaaqudgha
Makhleb
Nemelex Xobeh
Okawaru
Qazlal
Sif Muna
Trog
Wu Jian
Xom
Yredelemnul
Zin
The Shining One


Innate Abilities, Weirdness & Mutations

You reflexively headbutt those who attack you in melee.
You have a pair of horns on your head.


Message History

Makhleb accepts your kill.
The orc warrior hits you from afar with a +0 halberd!
The orc warrior hits you with a +0 halberd!
* * * LOW HITPOINT WARNING * * *
Items here: ))) [[[ ††† You closely miss the orc warrior.
You headbutt the orc warrior, but do no damage.
You hit the orc warrior but do no damage.
You headbutt the orc warrior, but do no damage.
The orc warrior hits you with a +0 halberd.
* * * LOW HITPOINT WARNING * * *
You slash the orc warrior! Your headbutt misses the orc warrior.
The orc warrior is heavily wounded.
The orc warrior hits you with a +0 halberd!
* * * LOW HITPOINT WARNING * * *
You hit the orc warrior but do no damage.
You headbutt the orc warrior!
The orc warrior is almost dead.
The orc warrior hits you with a +0 halberd!
You die...

....................'.
####....##.#.........#
#.#.###.##.......#
#... ..###.....## ###.
#### ##...## ##'## #.#
#.# #@# #.o.# #.....#
#.....## ........
###....### ##...#
#####


You could see an orc warrior.

Vanquished Creatures
  A hippogriff (D:7)
  A water moccasin (D:8)
  An ice beast (D:7)
  2 black bears
  2 centaurs (D:5)
  An ogre (D:6)
  A bullfrog (D:8)
  A scorpion (D:6)
  5 killer bees
  4 wights (D:8)
  2 crimson imps
  2 bullfrog zombies (D:6)
  3 hounds
  3 orc priests
  5 orc wizards
  A bullfrog skeleton (D:5)
  Jessica (D:3)
  3 worker ants
  A killer bee zombie (D:8)
  7 adders
  A shadow imp (D:6)
  An ooze (D:2)
  3 worms (D:2)
  6 dart slugs
  5 leopard geckos
  10 orcs
  4 bats
  4 giant cockroaches
  10 goblins
  9 hobgoblins
  4 jackals (D:3)
  3 quokkas
  3 frilled lizards
  6 kobolds
  9 rats
125 creatures vanquished.

Notes
Turn   | Place    | Note
-------+----------+-------------------------------------------
     0 | D:1      | ReteAZ the Minotaur Fighter began the quest for the Orb.
     0 | D:1      | Reached XP level 1. HP: 19/19 MP: 0/0
    77 | D:1      | Reached XP level 2. HP: 25/27 MP: 1/1
   133 | D:1      | Reached skill level 3 in Axes
   297 | D:1      | Reached XP level 3. HP: 31/33 MP: 2/2
   791 | D:2      | Reached XP level 4. HP: 29/40 MP: 3/3
  1053 | D:2      | Reached skill level 4 in Axes
  1328 | D:3      | Reached XP level 5. HP: 40/47 MP: 4/4
  1526 | D:3      | Found a shimmering blue altar of Sif Muna.
  1712 | D:3      | Noticed Jessica
  1719 | D:3      | Killed Jessica
  1765 | D:3      | You fall into a shaft and drop 2 floors!
  1765 | D:5      | Entered Level 5 of the Dungeon
  1877 | D:5      | Noticed a centaur
  1878 | D:5      | Noticed a phantom
  1883 | D:5      | Killed a centaur
  1883 | D:5      | Reached skill level 5 in Fighting
  1883 | D:5      | Reached skill level 5 in Axes
  1883 | D:5      | Reached XP level 6. HP: 53/56 MP: 5/5
  1917 | D:5      | Reached skill level 5 in Armour
  1924 | D:5      | Reached skill level 5 in Shields
  1939 | D:5      | You fall into a shaft and drop 3 floors!
  2051 | D:8      | Reached skill level 6 in Axes
  2055 | D:8      | Reached XP level 7. HP: 45/61 MP: 4/6
  2643 | D:8      | Found a sparkling altar of Nemelex Xobeh.
  2652 | D:8      | Reached skill level 7 in Axes
  2698 | D:6      | Reached XP level 8. HP: 11/70 MP: 2/7
  2933 | D:6      | Found a stormy altar of Qazlal.
  2977 | D:7      | Found a staircase to the Ecumenical Temple.
  2988 | Temple   | Entered the Ecumenical Temple
  3211 | Temple   | Became a worshipper of Makhleb the Destroyer
  3344 | D:7      | Found a basalt altar of Yredelemnul.
  3350 | D:7      | Reached skill level 8 in Axes
  3356 | D:7      | Found an ancient bone altar of Kikubaaqudgha.
  3357 | D:7      | Found a blossoming altar of Fedhas.
  3458 | D:7      | Found a hazy altar of Hepliaklqana.
  3595 | D:7      | Noticed a hippogriff
  3601 | D:7      | Killed a hippogriff
  3784 | D:5      | Found an opulent altar of Gozag.
  3818 | D:6      | Reached skill level 9 in Axes
  3902 | D:6      | Reached XP level 9. HP: 58/79 MP: 6/8
  3913 | D:6      | Reached * piety under Makhleb
  3929 | D:6      | HP: 1/79 [orc warrior/+0 halberd (12)]
  3930 | D:6      | Mangled by an orc warrior

Levels and vault maps discovered:
D:1:      psy_arrival_wood_between_worlds, layout_basic
D:2:      layout_rooms
D:3:      layout_rooms, led_sif_book, uniq_jessica
D:5:      layout_loops_ring, marbit_many_paths, vehumet_altar_wand_db,
          nicolae_overflow_hidden_temple, first_ration, portal_sewer_entry_b,
          uniq_pikel
D:6:      layout_loops_corners, basic_altar, nrook_mini_backslash, uniq_edmund
D:7:      statuecave_lemuel, layout_rooms, old_standard_altar,
          nicolae_overflow_quartered_altars, minmay_temple_entry_tees,
          nicolae_ossuary_entry_monument
D:8:      layout_cave_pools, nemelex_xobeh_ov_fountains_minmay, serial_shops,
          nicolae_shop_stone, basic_altar
Temple:   jpeg_temple_alley_garden

Skill      XL: |  1  2  3  4  5  6  7  8 |
---------------+-------------------------+-----
Axes           | 3 4 5 6 7 9 |  9.3
Fighting       | 4 5 6 7 |  7.4
Armour         | 4 5 6 7 |  7.3
Shields        | 4 5 6 7 |  7.3

Action                   |  1- 3 |  4- 6 |  7- 9 || total
-------------------------+-------+-------+-------++-------
Melee: War axe           |    93 |   103 |   179 ||   375
       Headbutt          |    13 |    22 |    26 ||    61
Evoke: Wand              |       |       |     3 ||     3
  Use: Potion            |       |       |     1 ||     1
  Eat: Chunk             |       |    15 |     6 ||    21
Armor: Scale mail        |    46 |    28 |    61 ||   135
Dodge: Dodged            |    19 |    27 |    82 ||   128
Block: Kite shield       |    51 |    40 |   104 ||   195

Table legend:
 A = Non-vault XP
 B = Vault XP
 C = Vault XP percentage of total XP
 D = Non-vault monster count
 E = Vault monster count
 F = Vault count percentage of total count
                 A         B        C        D         E       F
            +---------+---------+-------+---------+---------+-------
      Total |    2898 |      79 |   2.7 |     123 |       2 |   1.6
            +---------+---------+-------+---------+---------+-------
        D:1 |      49 |       0 |   0.0 |      25 |       0 |   0.0
        D:2 |      84 |       0 |   0.0 |      24 |       0 |   0.0
        D:3 |     110 |      79 |  41.8 |      27 |       2 |   6.9
        D:5 |     306 |       0 |   0.0 |       4 |       0 |   0.0
        D:6 |     866 |       0 |   0.0 |      19 |       0 |   0.0
        D:7 |     876 |       0 |   0.0 |      13 |       0 |   0.0
        D:8 |     607 |       0 |   0.0 |      11 |       0 |   0.0
            +---------+---------+-------+---------+---------+-------
